AoeStats
← adrifer87

Arabia

508165058Analyzed
3v3 RM · 11d ago on Sep 21, 2026· 51m 25s· 6 players
Game mode
Random Map
Map size
Normal (6 player)
Population
200
Speed
Normal
Resources
Standard
Victory
Conquest
Starting age
Dark Age
Ending age
Imperial Age
RankedLock teamsTeams togetherTeam positionsShared explorationLock speedFull tech treeHidden civsTurbo modeCheats
Victory
Defeat
🇺🇸 Georgians · United States
1094
+12
🇲🇽 Turks · Mexico
1086
+12
🇲🇽 Chinese · Mexico
1001
+15
🇵🇪 Franks · Peru
1104
-17
🇨🇴 Jurchens · Colombia
970
-12
🇦🇷 Byzantines · Argentina
915
-10
adrifer87
0:26 Loom
12:52 Feudal Age
13:28 Feudal Age
14:18 Horse Collar
14:23 Double-Bit Axe
25:19 Castle Age
25:54 Scale Mail Armor
25:44 Fletching
26:11 Bow Saw
26:03 Heavy Plow
26:33 Elite Skirmisher
26:35 Pikeman
27:49 Squires
28:48 Ballistics
28:36 Padded Archer Armor
28:47 Forging
28:34 Bodkin Arrow
30:23 Husbandry
30:26 Squires
37:39 Imperial Age
37:04 Chain Mail Armor
38:02 Halberdier
39:25 Plate Mail Armor
39:28 Conscription
40:05 Gold Mining
41:28 Wheelbarrow
41:37 Leather Archer Armor
41:24 Bracer
50:06 Iron Casting
50:01 Ring Archer Armor
Caesar6742
0:33 Loom
16:01 Feudal Age
20:19 Wheelbarrow
20:00 Horse Collar
20:07 Double-Bit Axe
26:19 Gold Mining
30:51 Castle Age
30:14 Forging
30:11 Scale Barding Armor
31:54 Bow Saw
31:45 Heavy Plow
31:10 Light Cavalry
32:00 Bloodlines
32:41 Stone Mining
33:27 Gold Shaft Mining
33:33 Hand Cart
35:10 Stone Shaft Mining
35:25 Sanctity
36:09 Iron Casting
Harder&Faster
3:15 Loom
10:27 Feudal Age
11:17 Loom
15:55 Castle Age
23:00 Husbandry
25:14 Forging
29:37 Fervor
30:20 Iron Casting
29:53 Herbal Medicine
30:02 Double-Bit Axe
31:07 Stone Mining
33:39 Wheelbarrow
34:00 Scale Barding Armor
39:58 Fletching
El Gordo Puto
0:45 Loom
10:14 Feudal Age
11:50 Double-Bit Axe
16:46 Wheelbarrow
15:56 Town Watch
18:50 Fletching
21:35 Castle Age
22:39 Bow Saw
22:20 Crossbowman
23:03 Bodkin Arrow
24:43 Gold Mining
25:26 Stone Mining
27:57 Thumb Ring
28:33 Horse Collar
29:02 Padded Archer Armor
29:21 Scale Mail Armor
29:04 Pikeman
30:24 Squires
31:36 Forging
33:35 Iron Casting
41:02 Arson
45:11 Imperial Age
47:23 Arbalester
50:38 Two-Man Saw
49:22 Elite Chu Ko Nu
50:29 Conscription
Masiosare
7:36 Loom
9:47 Feudal Age
11:13 Double-Bit Axe
11:09 Horse Collar
13:25 Town Watch
20:25 Castle Age
19:46 Scale Barding Armor
19:58 Bloodlines
21:25 Bow Saw
21:26 Husbandry
22:04 Chain Barding Armor
30:03 Sanctity
29:54 Fervor
31:35 Forging
34:00 Heavy Plow
34:39 Wheelbarrow
34:44 Fletching
36:33 Hand Cart
37:51 Iron Casting
37:12 Bodkin Arrow
38:28 Gold Mining
41:56 Imperial Age
39:46 Svan Towers
41:58 Elite Monaspa
43:22 Plate Barding Armor
43:48 Blast Furnace
43:35 Conscription
45:08 Aznauri Cavalry
46:40 Hoardings
48:25 Bracer
49:13 Ballistics
49:54 Chemistry
48:45 Guard Tower
48:36 Treadmill Crane
49:10 Masonry
49:05 Siege Engineers
48:58 Murder Holes
48:49 Arrowslits
50:59 Cavalier
pablo-1994
6:37 Loom
9:19 Feudal Age
9:57 Double-Bit Axe
14:26 Horse Collar
20:05 Castle Age
20:16 Bloodlines
21:09 Scale Barding Armor
23:56 Bow Saw
31:02 Padded Archer Armor
31:25 Chain Barding Armor
38:20 Imperial Age
36:38 Bow Saw
37:00 Padded Archer Armor
38:28 Wheelbarrow
42:18 Hand Cart
43:08 Artillery
43:28 Conscription
42:46 Heavy Camel Rider
43:33 Town Watch
46:43 Husbandry
48:17 Elite Janissary
Connection lost

Rejoining the realm…

Still unreachable

The connection could not be restored.

Session expired

The server has moved on; the page needs a fresh start.